 Dungeon Crawl Stone Soup version 0.26-a0-249-g7253cd193c (webtiles) character file.

Game seed: 12383329899890689912

1669 Esekla the Grave Robber (level 9, -4/65 HPs)
             Began as a Formicid Necromancer on July 8, 2020.
             Slain by Harold
             ... wielding a +0 dire flail
              (14 damage)
             ... on level 7 of the Dungeon.
             The game lasted 01:02:01 (8732 turns).

Esekla the Grave Robber (Formicid Necromancer)      Turns: 8732, Time: 01:02:02

Health: -4/65      AC:  7    Str: 18    XL:     9   Next: 21%
Magic:  7/16       EV: 12    Int: 19    God:
Gold:   336        SH:  5    Dex: 11    Spells: 14/18 levels left

rFire    . . .     SeeInvis +   C - +0 long sword
rCold    . . .     Faith    .   d - +0 buckler (curse)
rNeg     . . .     Spirit   .   n - +0 leather armour
rPois    .         Reflect  .   (helmet unavailable)
rElec    .         Harm     .   k - +0 cloak
rCorr    .                      i - +0 pair of gloves
MR       .....                  l - +0 pair of boots
Stlth    ++........             B - amulet of the acrobat
HPRegen  0.20/turn              o - +6 ring of strength
MPRegen  0.15/turn              (no ring)

@: marked, very slightly contaminated
A: permanent stasis, dig shafts and tunnels, four strong arms, antennae 3
a: Dig, Shaft Self


You were on level 7 of the Dungeon.
You were not hungry.

You visited 2 branches of the dungeon, and saw 9 of its levels.

You collected 336 gold pieces.

Inventory:

Hand Weapons
 g - a +0 short sword
 x - a +0 spear
 C - a +0 long sword (weapon)
Missiles
 q - 15 poisoned darts (quivered)
 D - 7 javelins
Armour
 d - a cursed +0 buckler (worn)
 i - a +0 pair of gloves (worn)
 k - a +0 cloak (worn)
 l - a +0 pair of boots (worn)
 n - a +0 leather armour (worn)
 G - a scarf of harm
Jewellery
 o - a +6 ring of strength (left hand)
 B - an amulet of the acrobat (around neck)
Wands
 s - a wand of iceblast (5)
 H - a wand of flame (11)
Scrolls
 a - a scroll of magic mapping {unknown}
 b - a scroll of identify
 e - 2 scrolls of fog {unknown}
 f - a scroll of fear {unknown}
 j - a scroll of noise {unknown}
 m - 8 scrolls of remove curse {unknown}
 p - a scroll of enchant armour {unknown}
 w - a scroll of amnesia {unknown}
 y - a scroll of random uselessness {unknown}
Potions
 h - 3 potions of invisibility
 r - 2 potions of stabbing
 t - 3 potions of curing
 u - a potion of flight
 v - a potion of lignification
 z - 2 potions of heal wounds
 A - 2 potions of cancellation
 E - a potion of mutation
 F - 2 potions of might {unknown}
Comestibles
 c - 10 rations


   Skills:
 + Level 3.8 Fighting
 + Level 2.1(3.4) Short Blades
 * Level 4.1(4.4) Long Blades
 + Level 1.4 Throwing
 * Level 3.8 Armour
 + Level 3.2 Dodging
 + Level 3.3 Stealth
 * Level 4.8 Shields
 + Level 5.2 Spellcasting
 + Level 5.2 Necromancy


You had 14 spell levels left.
You knew the following spells:

 Your Spells              Type           Power        Failure   Level
a - Pain                  Necr           ###.         1%          1
d - Vampiric Draining     Necr           ###.......   4%          3

Your spell library contained the following spells:

 Spells                   Type           Power        Failure   Level
 Animate Skeleton         Necr           ###...       1%          1
 Animate Dead             Necr           ###.......   17%         4
 Agony                    Necr           ###.....     43%         5


Dungeon Overview and Level Annotations

Branches:
Dungeon (8/15)             Temple (1/1) D:6
   Lair: D:8-11

Altars:
Cheibriados
Dithmenos
Fedhas
Hepliaklqana
Kikubaaqudgha
Okawaru
Qazlal
Ru
Sif Muna
Trog
Uskayaw
Wu Jian
Xom
Zin
The Shining One

Shops:
D:6 :

Annotations:
D:6 1 runed translucent door, Flugslaktarn's ghost, amateur VSIE
D:7 Harold


Innate Abilities, Weirdness & Mutations

You cannot be hasted, slowed, berserked, paralysed or teleported.
You can dig through walls and to a lower floor.
Your four strong arms can wield two-handed weapons with a shield.
You have a pair of large antennae on your head. (SInv)


Message History

Casting: Vampiric Draining (dangerous; 4% risk of failure)
Confirm with . or Enter, or press ? or * to list all spells.
Aiming: Vampiric Draining (dangerous; 4% risk of failure)
Press: ? - help, Shift-Dir - straight line, f/p - Harold
Aim: Harold, wielding a +0 dire flail, wearing a +0 chain mail and carrying a wand of clouds (2) (poison gas, heavily wounded, extremely poisoned) Harold is heavily wounded.
You feel life coursing into your body.
Harold is engulfed in poison gas.
Harold looks as sick as possible!
Harold casts a spell at you. The mark upon you grows brighter.
You block the adder skeleton's attack.
Casting: Vampiric Draining (dangerous; 4% risk of failure)
Confirm with . or Enter, or press ? or * to list all spells.
Aiming: Vampiric Draining (dangerous; 4% risk of failure)
Press: ? - help, Shift-Dir - straight line, f/p - Harold
Aim: Harold, wielding a +0 dire flail, wearing a +0 chain mail and carrying a wand of clouds (2) (poison gas, severely wounded, extremely poisoned)
You miscast Vampiric Draining.
You are very lightly contaminated with residual magic.
Nothing appears to happen.
Harold is engulfed in poison gas.
Harold looks as sick as possible!
Harold hits you with a +0 dire flail!
You die...

#..######.....>.#.##
...######..........#
(((((†..........#.##
.@######........#.#
#...)..§§○§§§#.##
.....###...§§§§§#..####
###. ####.§°§[......# #
##§#°@......#
#.§[Z@.....## {
####.........
##..(..... #........
#........ #.[......
#########


You could see Harold (extremely poisoned) and an adder skeleton.

Vanquished Creatures
  A hippogriff (D:7)
  An orc warrior (D:6)
  2 sky beasts
  A black bear (D:6)
  An ogre (D:5)
  A phantom (D:4)
  A big kobold (D:2)
  4 killer bees
  3 howler monkeys
  A bullfrog zombie (D:5)
  A hound (D:5)
  2 orc wizards
  A bullfrog skeleton (D:5)
  A gnoll shaman (D:5)
  2 orc priests
  5 worker ants
  8 gnolls
  A howler monkey skeleton (D:8)
  2 adders (D:2)
  2 ufetubi
  An ooze (D:1)
  An adder skeleton (D:7)
  2 worms
  3 leopard geckos
  10 orcs
  8 giant cockroaches
  8 goblins
  7 hobgoblins
  5 jackals (D:1)
  6 quokkas
  2 ball pythons
  5 bats
  3 frilled lizards
  14 kobolds
  A leopard gecko skeleton (D:5)
  A leopard gecko zombie (D:5)
  A quokka skeleton (D:5)
  8 rats
  A plant (D:5)
128 creatures vanquished.

Notes
Turn   | Place    | Note
-------+----------+-------------------------------------------
     0 | D:1      | Esekla the Formicid Necromancer began the quest for the
                  | Orb.
     0 | D:1      | Reached XP level 1. HP: 13/13 MP: 3/3
   256 | D:1      | Reached XP level 2. HP: 20/20 MP: 1/5
   851 | D:1      | Reached XP level 3. HP: 18/25 MP: 2/6
   960 | D:1      | Reached skill level 1 in Fighting
  1221 | D:1      | Learned a level 3 spell: Vampiric Draining
  1508 | D:2      | HP: 1/26 [poisoned by an adder]
  1824 | D:2      | Reached XP level 4. HP: 24/32 MP: 2/8
  1969 | D:3      | Reached skill level 1 in Shields
  2358 | D:3      | Noticed a big kobold
  2368 | D:3      | Noticed a big kobold
  2876 | D:2      | Reached skill level 1 in Short Blades
  3418 | D:2      | Reached XP level 5. HP: 36/38 MP: 9/9
  3494 | D:2      | Killed a big kobold
  3613 | D:3      | You fall into a shaft and drop 3 floors!
  3639 | D:6      | Reached XP level 6. HP: 38/44 MP: 3/11
  3742 | D:6      | Noticed a black bear
  3780 | D:6      | Found Foerros's Book Emporium.
  3820 | D:6      | Noticed Flugslaktarn's ghost (amateur VSIE)
  3836 | D:6      | Found a runed translucent door.
  3892 | D:5      | Entered Level 5 of the Dungeon
  3896 | D:5      | Noticed a sky beast
  3951 | D:4      | Noticed a phantom
  4624 | D:5      | Reached XP level 7. HP: 44/52 MP: 8/12
  5014 | D:5      | Reached skill level 1 in Armour
  5646 | D:3      | Found an iron altar of Okawaru.
  6414 | D:5      | Reached skill level 1 in Long Blades
  6506 | D:5      | Reached XP level 8. HP: 58/58 MP: 14/14
  6782 | D:6      | Found a staircase to the Ecumenical Temple.
  6806 | Temple   | Entered the Ecumenical Temple
  7075 | D:6      | Reached skill level 1 in Throwing
  7264 | D:6      | Found a shimmering blue altar of Sif Muna.
  7749 | D:6      | Reached skill level 5 in Necromancy
  8099 | D:8      | Noticed a two-headed ogre
  8199 | D:7      | Reached skill level 5 in Spellcasting
  8299 | D:7      | Noticed a hippogriff
  8317 | D:7      | Killed a hippogriff
  8317 | D:7      | Reached XP level 9. HP: 21/65 MP: 0/16
  8436 | D:7      | Noticed Harold
  8732 | D:7      | Slain by Harold

Illustrated notes

Levels and vault maps discovered:
D:1:      minmay_arrival_stone_box, layout_loops_ring
D:2:      layout_loops_ring, first_ration
D:3:      cheibrodos_thug_alley, layout_rooms, lemuel_round_altar,
          dk_noncrumbling_4, minmay_fractal_squares_diagonal_5
D:4:      layout_cave_pools
D:5:      layout_cave_pools, serial_bayou_lagoon_a
D:6:      layout_loops_cross, lemuel_blue_sif_altar,
          minmay_temple_entry_gardened_gates, hellmonk_ghost_happy_afterlife,
          serial_shops, shop_fountains, grunt_decor_mini_mirrors
D:7:      layout_rooms, basic_altar, grunt_ogre_cave, kennysheep_minor_cross,
          minmay_misc_feat_rugged, uniq_harold
D:8:      layout_basic, kennysheep_little_box, marbit_many_paths,
          chequers_temple_overflow_minitemple, vehumet_altar_wand_db, uniq_pikel
Temple:   nicolae_temple_figure_eight

Skill      XL: |  1  2  3  4  5  6  7  8  9 |
---------------+----------------------------+-----
Fighting       | 1 2 3 |  3.8
Shields        | 1 2 3 4 |  4.8
Dodging        | 2 3 |  3.2
Short Blades   | 1 2 |  2.1
Spellcasting   | 3 4 5 |  5.2
Stealth        | 3 |  3.3
Armour         | 2 3 |  3.8
Long Blades    | 2 3 4 |  4.1
Throwing       | 1 |  1.4
Necromancy     | 5 |  5.2

Action                   |  1- 3 |  4- 6 |  7- 9 || total
-------------------------+-------+-------+-------++-------
Melee: Dagger            |    63 |       |       ||    63
       Short sword       |    19 |   213 |    77 ||   309
       Long sword        |       |       |   153 ||   153
Throw: Dart              |       |    10 |    38 ||    48
       Javelin           |       |       |     2 ||     2
 Cast: Pain              |    33 |       |       ||    33
       Vampiric Draining |     1 |    23 |    38 ||    62
 Abil: Shaft Self        |       |     1 |       ||     1
  Use: Potion            |     1 |       |     2 ||     3
       Scroll            |       |     5 |     4 ||     9
 Stab: Sleeping          |     1 |     1 |     3 ||     5
  Eat: Ration            |     1 |     3 |     3 ||     7
Armor: Robe              |    22 |    66 |       ||    88
       Leather armour    |       |     8 |    54 ||    62
Dodge: Dodged            |    60 |   174 |   148 ||   382
Block: Buckler           |       |     3 |    57 ||    60
       Rpst.: Long sword |       |       |    30 ||    30

Table legend:
 A = Non-vault XP
 B = Vault XP
 C = Vault XP percentage of total XP
 D = Non-vault monster count
 E = Vault monster count
 F = Vault count percentage of total count
                 A         B        C        D         E       F
            +---------+---------+-------+---------+---------+-------
      Total |    2255 |     130 |   5.5 |     106 |      21 |  16.5
            +---------+---------+-------+---------+---------+-------
        D:1 |      49 |       0 |   0.0 |      25 |       0 |   0.0
        D:2 |      54 |     117 |  68.4 |      15 |      11 |  42.3
        D:3 |      23 |      13 |  36.1 |      11 |      10 |  47.6
        D:4 |     248 |       0 |   0.0 |      14 |       0 |   0.0
        D:5 |     696 |       0 |   0.0 |      19 |       0 |   0.0
        D:6 |     563 |       0 |   0.0 |       9 |       0 |   0.0
        D:7 |     466 |       0 |   0.0 |       9 |       0 |   0.0
        D:8 |     156 |       0 |   0.0 |       4 |       0 |   0.0
            +---------+---------+-------+---------+---------+-------
